 Dungeon Crawl Stone Soup version 0.30-a0-777-ga9a30cbeda (webtiles) character file.

Game seed: 5256343630961190154

154 Heoruswealwe the Sneak (level 5, 0/39 HPs)
             Began as a Human Brigand on Feb 14, 2023.
             Killed by nerve-wracking pain
             ... invoked by Grinder
              (13 damage)
             ... on level 3 of the Dungeon.
             The game lasted 00:38:00 (2619 turns).

Heoruswealwe the Sneak (Human Brigand)              Turns: 2619, Time: 00:38:01

Health: 0/39       AC:  8    Str: 11    XL:     5   Next: 63%
Magic:  6/6        EV: 11    Int: 12    God:
Gold:   69         SH:  0    Dex: 16    Spells: 4/4 levels left

rFire   + . .      SeeInvis .    a - +2 dagger
rCold   . . .      Faith    .    (no shield)
rNeg    . . .      Spirit   .    O - +2 leather armour {rF+}
rPois   +          Reflect  .    D - +0 helmet
rElec   .          Harm     .    c - +1 cloak
rCorr   .          Rampage  .    (no gloves)
Will    .....                    (no boots)
Stlth   +++                      s - amulet of regeneration
HPRegen 1.06/turn                i - ring of poison resistance
MPRegen 0.10/turn                (no ring)

@: no status effects
A: no striking features
a: no special abilities


You were on level 3 of the Dungeon.
You visited 1 branch of the dungeon, and saw 3 of its levels.

You collected 69 gold pieces.

Inventory:

Hand Weapons
 a - a +2 dagger (weapon)
 k - a +0 club
 m - a +0 club
 n - a +0 dagger
 o - a +0 club
 p - a +0 short sword
 r - a +0 club
 t - a +0 club
 v - a +0 flail
 w - a +0 quarterstaff
 x - a +0 club
 y - a +0 dagger
 z - a +0 whip
 E - a +0 quarterstaff
 F - a +0 hand axe
 K - a +0 short sword
 L - a +0 quarterstaff
 M - a +0 club
 N - a +0 dagger
 U - a +0 dagger
 W - a +0 short sword
 X - a +0 dagger
Missiles
 d - 17 poisoned darts (quivered)
 e - 3 curare-tipped darts
 j - 29 stones
 H - 2 atropa-tipped darts
 R - 6 silver boomerangs
Armour
 b - a +0 robe
 c - a +1 cloak (worn)
 l - a +0 ring mail
 q - a +0 leather armour
 u - a +0 robe
 D - a +0 helmet (worn)
 G - a +0 scale mail
 O - a +2 leather armour of fire resistance (worn)
 P - a +0 scale mail
 Q - a +0 robe
 S - a +0 plate armour
Jewellery
 i - a ring of poison resistance (left hand)
 s - an amulet of regeneration (around neck)
 A - a ring of ice
 C - a ring of magical power
Wands
 I - a wand of polymorph (3)
Scrolls
 h - a scroll of teleportation
 B - a scroll of amnesia
 T - a scroll of enchant armour
 V - a scroll of poison {unknown}
Potions
 f - 2 potions of degeneration
 g - 2 potions of heal wounds
 J - a potion of lignification


   Skills:
 + Level 2.5 Fighting
 * Level 3.0 Short Blades
 + Level 2.4 Throwing
 + Level 1.0 Armour
 + Level 1.6 Dodging
 * Level 4.7 Stealth
 + Level 1.3 Invocations
 + Level 1.1 Evocations


You had 4 spell levels left.
You didn't know any spells.
Your spell library contained the following spells:

 Spells                   Type           Power      Damage    Failure   Level
 Magic Dart               Conj           0%         1d3       41%         1
 Call Imp                 Summ           0%         N/A       54%         2
 Mephitic Cloud           Conj/Pois/Air  0%         N/A       78%         3


Dungeon Overview and Level Annotations

Branches:
Dungeon (3/15)

Altars:

Shops:
D:2 (

Annotations:
D:3 Grinder


Message History

Pain shoots through your body!
You hit Grinder.
Grinder is heavily wounded.
The adder misses you.
You hit Grinder but do no damage. Your punch misses Grinder.
Grinder is heavily wounded.
Grinder hits you.
You writhe in agony.
The adder barely misses you.
Throw: 19 darts (poison)
Press: ? - help, Q - select action, (/) - cycle Shift-Dir - straight line, f/p - Grinder
Aim: Grinder (heavily wounded, 58% to hit)
You throw a poisoned dart. The poisoned dart hits Grinder.
Grinder is heavily wounded.
The adder bites you but does no damage. Grinder barely misses you.
Throw: 18 darts (poison)
Press: ? - help, Q - select action, (/) - cycle Shift-Dir - straight line, f/p - Grinder
Aim: Grinder (heavily wounded, 58% to hit)
You throw a poisoned dart. The poisoned dart hits Grinder.
Grinder is poisoned.
Grinder is heavily wounded.
The adder barely misses you. Grinder hits you!
You writhe in agony.
You barely miss the adder. The adder bites you but does no damage.
Grinder gestures at you.
You suddenly lose the ability to move!
The adder bites you. Grinder hits you.
The adder bites you but does no damage. x2
Grinder gestures at you. Pain shoots through your body!
Grinder looks more healthy.
The adder bites you.
You are poisoned.
The adder poisons you!
Grinder blinks!
You feel sick.
The adder bites you but does no damage. x2
You feel sick. The adder bites you but does no damage.
You can move again.
You barely miss the adder.
You feel sick. The adder barely misses you.
You hit the adder.
The adder is lightly wounded.
You feel sick.
You are no longer poisoned.
The adder barely misses you. Grinder gestures at you.
Pain shoots through your body!
You die...

#.#<# ######### #.#.#
........# #.#.#
........# #.#.#
...?....###.#.#
.......$.....5######
............†.......
.###.......S(#########
#......(@.........#
+........>##...###.#
#######.#.##...# #.#
#.#.##...# #.#
#.#.##...# #.#
#.#.##...# #.#
#......# #.###.#
#+##...# #†<...# ....#
#........


You could see Grinder and an adder.

Vanquished Creatures
  Terence (D:2)
  Ijyb (D:3)
  5 adders
  2 worms (D:2)
  A dart slug (D:3)
  An orc (D:3)
  6 bats
  2 endoplasms (D:1)
  2 giant cockroaches
  6 hobgoblins
  4 jackals (D:2)
  5 ball pythons
  7 goblins
  4 kobolds
  3 rats (D:1)
50 creatures vanquished.

Vanquished Creatures (others)
  2 plants (D:1)
2 creatures vanquished.

Grand Total: 52 creatures vanquished

Notes
Turn   | Place    | Note
-------+----------+-------------------------------------------
     0 | D:1      | Heoruswealwe the Human Brigand began the quest for the Orb.
     0 | D:1      | Reached XP level 1. HP: 16/16 MP: 1/1
   300 | D:1      | Reached XP level 2. HP: 22/22 MP: 2/2
   963 | D:2      | Found Zeuq Zua's Weapon Shoppe.
   966 | D:2      | Reached XP level 3. HP: 27/27 MP: 3/3
  1199 | D:2      | Reached XP level 4. HP: 32/33 MP: 4/4
  1469 | D:1      | You fall into a shaft and drop 1 floor!
  1812 | D:2      | Reached skill level 1 in Invocations
  1856 | D:2      | Noticed Terence
  1884 | D:2      | Killed Terence
  2156 | D:3      | Reached XP level 5. HP: 39/39 MP: 5/5
  2161 | D:3      | Reached skill level 1 in Evocations
  2241 | D:3      | Noticed Ijyb
  2316 | D:3      | Killed Ijyb
  2317 | D:3      | Reached skill level 1 in Armour
  2561 | D:3      | Noticed Grinder
  2566 | D:3      | Paralysed by Grinder for 2 turns
  2575 | D:3      | Paralysed by Grinder for 4 turns
  2584 | D:3      | Paralysed by Grinder for 5 turns
  2599 | D:3      | Paralysed by Grinder for 2 turns
  2612 | D:3      | Paralysed by Grinder for 5 turns
  2619 | D:3      | Killed from afar by Grinder

Illustrated notes

Levels and vault maps discovered:
D:1:      roderic_crossed_star, layout_basic, serial_bayou_pond_e
D:2:      layout_loops_cross, serial_shops, shop, minmay_misc_feat_columns,
          uniq_terence
D:3:      layout_basic, uniq_grinder, uniq_ijyb

Skill      XL: |  1  2  3  4  5 |
---------------+----------------+-----
Invocations    | 1 |  1.3
Evocations     | 1 |  1.1
Armour         | 1 |  1.0
Short Blades   | 3 |  3.0
Fighting       | |  2.5
Throwing       | |  2.4
Dodging        | |  1.6
Stealth        | |  4.7

Action                     |  1- 3 |  4- 6 || total
---------------------------+-------+-------++-------
  Melee: Dagger            |    90 |   146 ||   236
         Punch             |     1 |     2 ||     3
         Unarmed           |       |    31 ||    31
  Throw: Dart              |       |    12 ||    12
    Use: Scroll            |     3 |     4 ||     7
         Potion            |     1 |     4 ||     5
   Stab: Sleeping          |     8 |     7 ||    15
 Armour: Robe              |    14 |       ||    14
         Leather armour    |       |    50 ||    50
         Skin              |       |     1 ||     1
  Dodge: Dodged            |    39 |   127 ||   166

Table legend: (Time is in decaauts)
 A = Elapsed time spent in this place.
 B = Non-inter-level travel time spent in this place.
 C = Inter-level travel time spent in this place.
 D = Time resting spent in this place.
 E = Time spent auto-exploring this place.
 F = Levels seen in this place.
 G = Mean time per level.
                   A        B        C        D        E       F      G
               +--------+--------+--------+--------+--------+-----+--------+
         Total |   2588 |   2361 |    227 |     43 |      0 |   3 |  862.7 |
       Dungeon |   2588 |   2361 |    227 |     43 |      0 |   3 |  862.7 |
               +--------+--------+--------+--------+--------+-----+--------+

Top non-repeatable levels by time:
     D:2: 1136 daAuts
     D:1: 1070 daAuts
     D:3: 381 daAuts
